 Dungeon Crawl Stone Soup version 0.19.5 (webtiles) character file.

12806 vatarom the Zephyrmancer (level 11, -1/64 HPs)
             Began as a Tengu Air Elementalist on Mar 8, 2017.
             Was an Elder of Vehumet.
             Slain by a blink frog (3 damage)
             ... on level 1 of the Lair of Beasts.
             The game lasted 00:35:04 (15201 turns).

vatarom the Zephyrmancer (Tengu Air Elementalist)  Turns: 15201, Time: 00:35:05

Health: -1/64      AC:  9    Str: 12    XL:     11   Next: 99%
Magic:  15/26      EV: 14    Int: 20    God:    Vehumet [****..]
Gold:   877        SH:  0    Dex:  9    Spells: 7 memorised, 10 levels left

rFire  . . .     SeeInvis +     G - +5 whip of Viatoab {venom, +Fly rPois MR+ Dex-2 SInv}
rCold  . . .     Gourm    .     y - +2 robe {Archmagi}
rNeg   . . .     Faith    .     (no shield)
rPois  +         Spirit   .     e - +1 hat
rElec  .         Reflect  .     (no cloak)
rCorr  .         Harm     .     z - +2 pair of gloves {Str+3}
MR     +....                    (boots unavailable)
Stlth  ++........               (no amulet)
                                H - +6 ring of slaying
                                h - ring of poison resistance

@: about to teleport, repel missiles
A: antennae 1, beak, claws 1, talons 3, slimy green scales 1, clever 1, clumsy
2, deformed body, evolution 1, able to fly 1
a: Fly, Renounce Religion, Evoke Flight


You were on level 1 of the Lair of Beasts.
You worshipped Vehumet.
Vehumet was greatly pleased with you.
You were very hungry.

You visited 3 branches of the dungeon, and saw 14 of its levels.
You also visited: Ossuary.

You collected 877 gold pieces.

Inventory:

Hand Weapons
 G - the +5 whip of Viatoab (weapon) {venom, +Fly rPois MR+ Dex-2 SInv}
   (You found it on level 8 of the Dungeon)

   It poisons the flesh of those it strikes.
   It affects your dexterity (-2).
   It protects you from poison.
   It affects your resistance to hostile enchantments.
   It lets you see invisible.
   It lets you fly.
Missiles
 f - 2 throwing nets (quivered)
Armour
 a - a +0 pair of gloves
 e - a +1 hat (worn)
 y - a +2 robe of the Archmagi (worn)
 z - a +2 pair of gloves of strength (worn)
Jewellery
 h - a ring of poison resistance (left hand)
 s - an uncursed ring of protection from cold
 H - a +6 ring of slaying (right hand)
Wands
 o - a wand of lightning (15/15)
 p - a wand of lightning (10/15)
 t - a wand of iceblast (10/15)
Scrolls
 c - 2 scrolls of recharging
 k - a scroll of fear
 m - a scroll of enchant weapon
 u - 2 scrolls of teleportation
 C - 5 scrolls of remove curse
Potions
 d - 3 potions of curing
 i - 2 potions of lignification
 j - a potion of haste
 n - 2 potions of invisibility
 q - a potion of ambrosia
 r - 2 potions of flight
 w - 2 potions of brilliance
 D - 2 potions of cure mutation
 E - 4 potions of agility
Comestibles
 b - 4 chunks of flesh
 g - 3 fruits
 l - a beef jerky


   Skills:
 - Level 5.3 Fighting
 - Level 4.9 Dodging
 - Level 2.0 Stealth
 - Level 10.5 Spellcasting
 + Level 10.7 Conjurations
 - Level 14.0 Air Magic


You had 10 spell levels left.
You knew the following spells:

 Your Spells              Type           Power        Failure   Level  Hunger
a - Shock                 Conj/Air       ####         1%          1    None
b - Repel Missiles        Chrm/Air       ######       1%          2    None
c - Swiftness             Chrm/Air       ######..     1%          2    None
d - Static Discharge      Conj/Air       ######..     1%          3    None
f - Dazzling Spray        Conj/Hex       #####.       1%          3    None
g - Bolt of Draining      Conj/Necr      #####.....   5%          5    ####...
h - Irradiate             Conj/Tmut      #####.....   5%          5    ####...


Dungeon Overview and Level Annotations

Branches:
Dungeon (12/15)            Temple (1/1) D:4            Lair (1/6) D:11
    Orc: D:9-12

Altars:
Ashenzari
Cheibriados
Dithmenos
Elyvilon
Fedhas
Gozag
Hepliaklqana
Kikubaaqudgha
Makhleb
Nemelex Xobeh
Okawaru
Qazlal
Ru
Trog
Uskayaw
Vehumet
Xom
Yredelemnul
Zin
The Shining One

Shops:
D:5 *   D:7 %

Annotations:
D:3 vatarom's ghost, amateur TeAE


Innate Abilities, Weirdness & Mutations

You have a beak for a mouth.
You have claws for feet.
You can fly.
You have a pair of small antennae on your head.
You have sharp fingernails.
You are partially covered in slimy green scales. (AC +2)
Your mind is acute. (Int +2)
You are very clumsy. (Dex -4)
Armour fits poorly on your strangely shaped body.
You evolve.


Message History

The blink frog is lightly wounded.
The lightning arcs!
You are struck by lightning.
The lightning arcs!
The blink frog is struck by lightning.
The blink frog is moderately wounded.
The lightning grounds out.
The blink frog hits you.
The blink frog blinks!
The blink frog hits you.
Unknown command.
Casting: Static Discharge
Confirm with . or Enter, or press ? or * to list all spells.
You don't know that spell.
Unknown command.
As you read the scroll of teleportation, it crumbles to dust.
You feel strangely unstable. The blink frog hits you!
* * * LOW HITPOINT WARNING * * *
The blink frog closely misses you.
Unknown command.
You feel better. The blink frog hits you!!
* * * LOW HITPOINT WARNING * * *
The blink frog hits you.
You die...

...#.....#......# ..
#...........##.
#.....#........... ...
#...........##.... ....#
.#.....#.....# ... ....#
..P...........##..## .....
..P...#.#.....#.##.###.....
...........................
.........F@†.F.............
..........F................
........................§..
.##.######[...............#
.. ....#...#######.....#
....#...# #..(.# .....#..##
..... .....#..# ..... ....
#... ...#


You could see 3 blink frogs.

Vanquished Creatures
  A hydra (D:10)
  Erica (D:8)
  A centaur warrior (D:10)
  An unseen horror (D:11)
  A hill giant (D:9)
  A manticore (D:12)
  An ugly thing (D:11)
  2 centaur zombies
  A gargoyle (D:11)
  A spiny frog (Lair:1)
  2 trolls
  2 blink frogs (Lair:1)
  13 yaks
  A spriggan (D:7)
  A basilisk (D:11)
  3 hungry ghosts
  The ghost of DrClinical the Stinger, an amateur DrVM of Fedhas (Ossuary)
  2 water moccasins
  2 porcupines (Lair:1)
  A sky beast (D:11)
  3 orc warriors
  4 ice beasts
  5 phantoms
  6 ogres
  A crocodile (Lair:1)
  5 centaurs
  A big kobold (D:11)
  4 bullfrogs
  4 scorpions
  2 howler monkeys
  2 electric eels (D:10)
  2 crimson imps
  5 jellies
  2 orc priests
  4 hounds
  8 orc wizards
  A bullfrog skeleton (D:6)
  3 iron imps (D:5)
  3 iguanas
  6 worker ants
  A big kobold zombie (Ossuary)
  8 mummies (Ossuary)
  A hound skeleton (D:4)
  4 gnolls (D:7)
  A howler monkey skeleton (D:5)
  9 adders
  10 river rats
  A shadow imp (D:11)
  An ooze (Temple)
  An adder skeleton (D:6)
  An adder zombie (D:9)
  6 worms
  3 dart slugs
  12 leopard geckos
  21 orcs
  4 ball pythons
  3 bats (D:1)
  5 giant cockroaches
  2 gnoll zombies (Ossuary)
  6 goblins
  2 hobgoblins
  11 jackals
  5 quokkas
  3 frilled lizards
  6 kobolds
  3 kobold zombies (Ossuary)
  A leopard gecko skeleton (D:4)
  2 orc zombies (Ossuary)
  A quokka skeleton (D:5)
  20 rats
264 creatures vanquished.

Vanquished Creatures (others)
  A human (D:9)
  2 fungi (Lair:1)
3 creatures vanquished.

Grand Total: 267 creatures vanquished

Notes
Turn   | Place    | Note
-------+----------+-------------------------------------------
     0 | D:1      | vatarom the Tengu Air Elementalist began the quest for the Orb.
     0 | D:1      | Reached XP level 1. HP: 10/10 MP: 4/4
   336 | D:1      | Gained mutation: You are robust. (+10% HP) [potion of beneficial mutation]
   587 | D:1      | Reached XP level 2. HP: 12/16 MP: 6/6
   714 | D:1      | Reached skill level 5 in Air Magic
   814 | D:1      | Reached XP level 3. HP: 20/20 MP: 4/7
   901 | D:1      | You fall through a shaft!
   921 | D:2      | Found a sparkling altar of Nemelex Xobeh.
  1300 | D:2      | Reached skill level 6 in Air Magic
  1340 | D:2      | Learned a level 2 spell: Repel Missiles
  1343 | D:2      | Learned a level 2 spell: Swiftness
  1543 | D:2      | Reached XP level 4. HP: 26/26 MP: 6/8
  1575 | D:2      | Found a hazy altar of Hepliaklqana.
  2077 | D:3      | Found an opulent altar of Gozag.
  2172 | D:3      | Found a snail-covered altar of Cheibriados.
  2418 | D:3      | Noticed vatarom's ghost (amateur TeAE)
  2604 | D:4      | Gained mutation: You have a pair of small antennae on your head. [potion of mutation]
  2604 | D:4      | Gained mutation: You have sharp fingernails. [potion of mutation]
  2604 | D:4      | Gained mutation: You are partially covered in slimy green scales. (AC +2) [potion of mutation]
  2605 | D:4      | Gained mutation: Your mind is acute. (Int +2) [potion of mutation]
  2605 | D:4      | Gained mutation: Your body sometimes deteriorates upon taking damage. [potion of mutation]
  2605 | D:4      | Lost mutation: You are robust. (+10% HP) [potion of mutation]
  2606 | D:4      | Lost mutation: Your body sometimes deteriorates upon taking damage. [potion of mutation]
  2606 | D:4      | Gained mutation: You are robust. (+10% HP) [potion of mutation]
  2606 | D:4      | Gained mutation: You evolve. [potion of mutation]
  2690 | D:4      | Found a staircase to the Ecumenical Temple.
  2705 | Temple   | Entered the Ecumenical Temple
  2983 | Temple   | Became a worshipper of Vehumet
  3048 | D:4      | Gained mutation: You can fly. [Tengu growth]
  3048 | D:4      | Reached XP level 5. HP: 30/30 MP: 5/11
  3179 | D:4      | Learned a level 3 spell: Static Discharge
  3224 | D:4      | Reached XP level 6. HP: 29/35 MP: 4/13
  3316 | D:4      | Reached skill level 7 in Air Magic
  3333 | D:4      | Got a jewelled long sword
  3344 | D:4      | Identified the cursed +3 long sword "Jiott" {flame, MP-9 Int+2 Stlth+} (You found it on level 4 of the Dungeon)
  3402 | D:4      | Gained mutation: You are clumsy. (Dex -2) [evolution]
  3630 | D:4      | Reached skill level 8 in Air Magic
  3634 | D:4      | Reached * piety under Vehumet
  3634 | D:4      | Offered knowledge of Magic Dart by Vehumet.
  4045 | D:4      | Noticed a phantom
  4058 | D:4      | Killed a phantom
  4058 | D:4      | Reached skill level 9 in Air Magic
  4058 | D:4      | Reached XP level 7. HP: 31/39 MP: 0/14
  4219 | D:4      | Learned a level 5 spell: Lightning Bolt
  4481 | D:5      | Entered Level 5 of the Dungeon
  4523 | D:5      | Reached skill level 10 in Air Magic
  4619 | D:5      | Found a snail-covered altar of Cheibriados.
  4619 | D:5      | Found an iron altar of Okawaru.
  4619 | D:5      | Found a glowing golden altar of the Shining One.
  4619 | D:5      | Found a sacrificial altar of Ru.
  4765 | D:5      | Found a burning altar of Makhleb.
  4979 | D:5      | Reached XP level 8. HP: 45/45 MP: 10/15
  5112 | D:5      | Found Mecweob's General Store.
  5257 | D:5      | Reached ** piety under Vehumet
  5257 | D:5      | Offered knowledge of Sting by Vehumet.
  5405 | D:6      | Found a blossoming altar of Fedhas.
  5447 | D:6      | Reached skill level 1 in Fighting
  5791 | D:6      | Gained mutation: You are very robust. (+20% HP) [evolution]
  6067 | D:6      | Reached skill level 5 in Conjurations
  6786 | D:6      | Reached XP level 9. HP: 57/62 MP: 8/16
  6849 | D:6      | Found a shimmering altar of Xom.
  7904 | D:7      | Found Lagie's Food Shop.
  8078 | D:8      | Found a sand-covered staircase.
  8083 | Ossuary  | Entered an ossuary
  8105 | Ossuary  | Offered knowledge of Dazzling Spray by Vehumet.
  8128 | Ossuary  | Learned a level 3 spell: Dazzling Spray
  8215 | Ossuary  | Noticed DrClinical's ghost (amateur DrVM)
  8283 | Ossuary  | Reached *** piety under Vehumet
  8288 | Ossuary  | Killed DrClinical's ghost
  8637 | D:8      | Reached skill level 5 in Fighting
  8729 | D:8      | Got a bloodstained whip
  8730 | D:8      | Identified the +5 whip of Viatoab {venom, +Fly rPois MR+ Dex-2 SInv} (You found it on level 8 of the Dungeon)
  9186 | D:8      | Found a shattered altar of Ashenzari.
  9192 | D:8      | Reached skill level 10 in Conjurations
  9264 | D:8      | Noticed Erica
  9292 | D:8      | Killed Erica
  9292 | D:8      | Reached XP level 10. HP: 37/70 MP: 1/20
  9713 | D:8      | Identified the Handbook of Dark Bewitchment
  9724 | D:8      | Learned a level 5 spell: Bolt of Draining
  9819 | D:9      | Found an ancient bone altar of Kikubaaqudgha.
 10326 | D:9      | Found a hide-covered altar of Uskayaw.
 10331 | D:9      | Noticed a hill giant
 10349 | D:9      | Offered knowledge of Iskenderun's Mystic Blast by Vehumet.
 10351 | D:9      | Killed a hill giant
 11193 | D:9      | Lost mutation: You are very robust. (+20% HP) [evolution]
 11236 | D:10     | Entered Level 10 of the Dungeon
 11300 | D:10     | Reached skill level 11 in Air Magic
 12140 | D:10     | Noticed a six-headed hydra
 12144 | D:10     | Noticed a centaur warrior
 12144 | D:10     | Killed a six-headed hydra
 12144 | D:10     | Reached skill level 12 in Air Magic
 12144 | D:10     | Reached XP level 11. HP: 70/70 MP: 13/25
 12159 | D:10     | Killed a centaur warrior
 12159 | D:10     | Reached **** piety under Vehumet
 12306 | D:10     | Gained mutation: You are very clumsy. (Dex -4) [evolution]
 12914 | D:11     | Lost mutation: You are robust. (+10% HP) [potion of mutation]
 12914 | D:11     | Gained mutation: Armour fits poorly on your strangely shaped body. [potion of mutation]
 12934 | D:11     | Offered knowledge of Irradiate by Vehumet.
 12944 | D:11     | Noticed an unseen horror
 12947 | D:11     | Noticed a white ugly thing
 12960 | D:11     | Killed a white ugly thing
 12967 | D:11     | Killed an unseen horror
 13185 | D:11     | Learned a level 5 spell: Irradiate
 13348 | D:11     | Reached skill level 13 in Air Magic
 13428 | D:11     | Got a warped whip
 13429 | D:11     | Identified the +7 whip of the Battered Ships {freeze, rF++} (You found it on level 11 of the Dungeon)
 13510 | D:11     | Got a polished scale mail
 13521 | D:11     | Identified the +8 scale mail of the Rose {MR++} (You found it on level 11 of the Dungeon)
 13954 | D:11     | Reached skill level 10 in Spellcasting
 14184 | D:11     | Found a staircase to the Lair.
 14271 | D:12     | Noticed a manticore
 14274 | D:12     | Killed a manticore
 14547 | Lair:1   | Entered Level 1 of the Lair of Beasts
 14963 | Lair:1   | Reached skill level 14 in Air Magic
 15201 | Lair:1   | HP: 2/64 [blink frog (20)]
 15201 | Lair:1   | Slain by a blink frog

Skill      XL: |  1  2  3  4  5  6  7  8  9 10 11 |
---------------+----------------------------------+-----
Air Magic      | 5 6 9 10 12 14 | 14.0
Spellcasting   | 3 4 6 9 10 | 10.5
Conjurations   | 7 10 | 10.7
Fighting       | 3 5 |  5.3
Dodging        | 4 |  4.9
Stealth        | |  2.0

Action                   |  1- 3 |  4- 6 |  7- 9 | 10-12 || total
-------------------------+-------+-------+-------+-------++-------
Melee: Whip              |    28 |    32 |    61 |    62 ||   183
       Unarmed           |     2 |       |       |       ||     2
       Kick              |     4 |     5 |    15 |     7 ||    31
       Peck              |     2 |     8 |    11 |    11 ||    32
       War axe           |       |       |    19 |       ||    19
 Cast: Shock             |    42 |   101 |   172 |    54 ||   369
       Static Discharge  |       |     7 |    67 |    65 ||   139
       Repel Missiles    |       |       |     2 |       ||     2
       Dazzling Spray    |       |       |     2 |     1 ||     3
       Bolt of Draining  |       |       |       |    49 ||    49
       Irradiate         |       |       |       |    10 ||    10
  Use: Scroll            |     4 |     6 |     6 |    11 ||    27
       Potion            |     2 |     3 |     5 |     8 ||    18
 Stab: Sleeping          |     2 |       |     1 |     2 ||     5
  Eat: Chunk             |     3 |     7 |     1 |     4 ||    15
       Pizza             |     1 |       |       |     2 ||     3
       Bread ration      |       |       |     3 |     5 ||     8
       Royal jelly       |       |       |     1 |       ||     1
       Meat ration       |       |       |     1 |     2 ||     3
       Fruit             |       |       |       |     4 ||     4
Armor: Robe              |     3 |    11 |    34 |    53 ||   101
Dodge: Dodged            |    22 |    52 |    91 |   115 ||   280
       Deflected         |       |       |     6 |     9 ||    15
